 Dungeon Crawl Stone Soup version 0.26-a0-613-g4f23886233 (webtiles) character file.

Game seed: 11053649113757928767

63 Peloso the Shield-Bearer (level 3, 0/29 HPs)
             Began as a Demonspawn Fighter on Sept 11, 2020.
             Succumbed to an adder's poison
             ... on level 2 of the Dungeon.
             The game lasted 00:01:57 (1472 turns).

Peloso the Shield-Bearer (Demonspawn Fighter)       Turns: 1472, Time: 00:01:57

Health: 0/29       AC:  8    Str: 17    XL:     3   Next: 89%
Magic:  3/3        EV:  7    Int:  9    God:
Gold:   107        SH:  9    Dex: 12    Spells: 2/2 levels left

rFire    . . .     SeeInvis .   a - +0 long sword
rCold    . . .     Faith    .   c - +0 kite shield
rNeg     . . .     Spirit   .   b - +0 scale mail
rPois    .         Reflect  .   (no helmet)
rElec    .         Harm     .   (no cloak)
rCorr    .                      (no gloves)
MR       .....                  (no boots)
Stlth    ..........             (no amulet)
HPRegen  0.09/turn              (no ring)
MPRegen  0.08/turn              (no ring)

@: lethally poisoned (0 -> -3)
A: hooves 1, icy blue scales 1
a: no special abilities


You were on level 2 of the Dungeon.
You visited 1 branch of the dungeon, and saw 2 of its levels.

You collected 107 gold pieces.

Inventory:

Hand Weapons
 a - a +0 long sword (weapon)
Armour
 b - a +0 scale mail (worn)
 c - a +0 kite shield (worn)
Scrolls
 e - 2 scrolls of identify {unknown}
 f - a scroll of remove curse {unknown}
 g - a scroll of enchant armour {unknown}
 h - a scroll of amnesia {unknown}
Potions
 d - 2 potions of might


   Skills:
 + Level 3.3 Fighting
 + Level 2.2 Long Blades
 + Level 3.1 Armour
 + Level 0.2 Dodging
 + Level 0.1 Stealth
 + Level 3.5 Shields


You had 2 spell levels left.
You didn't know any spells.
Your spell library was empty.

Dungeon Overview and Level Annotations

Branches:
Dungeon (2/15)

Altars:


Innate Abilities, Weirdness & Mutations

You have large cloven feet.
You are partially covered in icy blue scales. (AC +2)


Message History

The adder is almost dead.
* * * LOW HITPOINT WARNING * * *
You feel sick. You block the adder's attack. The worm bites you.
* * * LOW HITPOINT WARNING * * *
You miss the adder. Your kick misses the adder.
The adder is almost dead.
You block the adder's attack. x2; The worm barely misses you.
You riposte.
You hit the worm.
The worm is lightly wounded.
You barely miss the adder. Your kick misses the adder.
The adder is almost dead.
* * * LOW HITPOINT WARNING * * *
You feel sick. The adder bites you but does no damage.
The adder barely misses you.
You riposte.
You slash the adder!
You kill the adder!
The worm bites you but does no damage.
Okay, then.
* * * LOW HITPOINT WARNING * * *
You feel sick.
You die...

#.. ########.#
##.......[#
#.....##..# ###
#.........# ...
#.....##..#####.(..
#.>................
#........###.######
##@#####.###.####
#....w.........#
########.##.##.#
........##.##.#
..#####.##.##.###
...........
..##..###..
..(....###..
#..##..#....


You could see a worm.

Vanquished Creatures
  An adder (D:2)
  A gnoll (D:1)
  2 dart slugs (D:1)
  A leopard gecko (D:1)
  6 bats (D:2)
  3 giant cockroaches (D:1)
  4 goblins
  6 hobgoblins
  4 frilled lizards (D:1)
  6 kobolds
  4 rats
38 creatures vanquished.

Notes
Turn   | Place    | Note
-------+----------+-------------------------------------------
     0 | D:1      | Peloso the Demonspawn Fighter began the quest for the Orb.
     0 | D:1      | Reached XP level 1. HP: 18/18 MP: 1/1
   208 | D:1      | Gained mutation: You are partially covered in icy blue
                  | scales. (AC +2) [demonic ancestry]
   208 | D:1      | Reached XP level 2. HP: 13/24 MP: 2/2
   652 | D:1      | Gained mutation: You have large cloven feet. [demonic
                  | ancestry]
   652 | D:1      | Reached XP level 3. HP: 28/29 MP: 3/3
  1464 | D:2      | HP: 1/29 [poisoned by an adder]
  1472 | D:2      | Succumbed to an adder's poison

Illustrated notes

Levels and vault maps discovered:
D:1:      onia_arrival_pentagram, layout_basic, minmay_pentomino_r4
D:2:      layout_loops_cross, overflow_temple_1_default

Skill      XL: |  1  2 |
---------------+-------+-----
Shields        | 3 |  3.5
Long Blades    | 2 |  2.2
Armour         | 3 |  3.1
Fighting       | |  3.3
Dodging        | |  0.2
Stealth        | |  0.1

Action                   || total
-------------------------++-------
Melee: Long sword        ||   105
       Kick              ||    12
  Use: Potion            ||     2
Armor: Scale mail        ||    66
Dodge: Dodged            ||    46
Block: Kite shield       ||    63
       Rpst.: Long sword ||    15

Table legend: (Time is in decaauts)
 A = Elapsed time spent in this place.
 B = Non-inter-level travel time spent in this place.
 C = Inter-level travel time spent in this place.
 D = Time resting spent in this place.
 E = Time spent auto-exploring this place.
 F = Levels seen in this place.
 G = Mean time per level.
                   A        B        C        D        E       F      G
               +--------+--------+--------+--------+--------+-----+--------+
         Total |   1511 |   1497 |     14 |      0 |   1193 |   2 |  755.5 |
       Dungeon |   1511 |   1497 |     14 |      0 |   1193 |   2 |  755.5 |
               +--------+--------+--------+--------+--------+-----+--------+

Top non-repeatable levels by time:
     D:1: 1049 daAuts
     D:2: 462 daAuts
